MLB
TEXAS RANGERS @ BALTIMORE ORIOLES
04/11/2042
 
TOP OF THE 1ST
Texas Rangers batting - Pitching for Baltimore Orioles : RHP Mac Reese
Pitching: RHP Mac Reese
Batting: RHB Jesús Tucker 0-0: Ball
1-0: Ball
2-0: Ball
3-0: Called Strike
3-1: Base on Balls
Batting: LHB David Manuel 0-0: Bunt missed!
0-1: Ball
1-1: Sac Bunt to 15 - play at first, batter OUT! 1-3
Jesús Tucker to second
Batting: LHB Jesús Gómez 0-0: Called Strike
0-1: Swinging Strike
0-2: Ball
1-2: Strikes out looking
Batting: RHB José Carlos Ferreira 0-0: SINGLE (Flyball, 9LS, EV 94.4 MPH)
Jesús Tucker to third
Runner from 3rd tries for Home, SAFE, throw by RF to home
Batting: LHB Orlando Rodríguez 0-0: Ball
1-0: Ball
José Carlos Ferreira steals 2nd base
2-0: Ball
3-0: Base on Balls
Batting: RHB Gilberto Soto 0-0: Called Strike
0-1: Called Strike
0-2: Ball
1-2: Fly out, F3 (Popup, 3L, EV 74.4 MPH)
Top of the 1st over - 1 run, 1 hit, 0 errors, 2 left on base; Texas 1 - Baltimore 0
BOTTOM OF THE 1ST
Baltimore Orioles batting - Pitching for Texas Rangers : RHP Cliff Townsend
Pitching: RHP Cliff Townsend
Batting: RHB Jon Hughes 0-0: Foul Ball, location: 3SF
0-1: Swinging Strike
0-2: Ball
1-2: Foul Ball, location: 9LSF
1-2: Strikes out swinging
Batting: LHB Quant Melissanides 0-0: Ball
1-0: Foul Ball, location: 9LMF
1-1: Called Strike
1-2: Strikes out swinging
Batting: LHB Juan Jose Cabrera 0-0: Ball
1-0: SINGLE (Line Drive, 34, EV 109.4 MPH)
Batting: RHB Kratukarana Multani 0-0: Ball
1-0: Fly out, F9 (Flyball, 9, EV 90.0 MPH)
Bottom of the 1st over - 0 runs, 1 hit, 0 errors, 1 left on base; Texas 1 - Baltimore 0
TOP OF THE 2ND
Texas Rangers batting - Pitching for Baltimore Orioles : RHP Mac Reese
Batting: LHB Adrián Flores 0-0: Ball
1-0: Called Strike
1-1: Swinging Strike
1-2: Ball
2-2: Ball
3-2: Base on Balls
Batting: RHB Jeremy Wiley 0-0: Sac Bunt to 15S - play at first, batter OUT! 1-3
Adrián Flores to second
Batting: LHB Elijah Malone 0-0: Called Strike
0-1: Ball
1-1: DOUBLE (Flyball, 8LD, EV 98.1 MPH)
Adrián Flores scores
Batting: RHB Jesús Tucker 0-0: Fly out, F6 (Popup, P, EV 82.5 MPH)
Batting: LHB David Manuel 0-0: Hit by Pitch
Batting: LHB Jesús Gómez 0-0: Ball
1-0: Ball
2-0: Called Strike
2-1: Called Strike
2-2: SINGLE (Line Drive, 6MD, EV 107.5 MPH)
Elijah Malone to third
David Manuel to second
Runner from 3rd tries for Home, SAFE, throw by CF to home
Batting: RHB José Carlos Ferreira 0-0: Ball
1-0: Foul Ball, location: 5SF
1-1: Ball
2-1: Called Strike
2-2: Foul Ball, location: 23F
2-2: Strikes out swinging
Top of the 2nd over - 2 runs, 2 hits, 0 errors, 2 left on base; Texas 3 - Baltimore 0
BOTTOM OF THE 2ND
Baltimore Orioles batting - Pitching for Texas Rangers : RHP Cliff Townsend
Batting: LHB Samad Beybukov 0-0: Swinging Strike
0-1: Ball
1-1: SINGLE (Groundball, 4MD, EV 96.3 MPH)
Batting: RHB Sean Manley 0-0: Ball
1-0: Ball
2-0: DOUBLE (Flyball, 8RXD, EV 106.3 MPH)
Samad Beybukov to third
Batting: RHB Joe Cavanagh 0-0: Called Strike
0-1: Swinging Strike
0-2: Ball
1-2: Ball
2-2: Strikes out swinging
Batting: SHB Nelson Jiménez 0-0: Fly out, F7 (Flyball, 7D, EV 98.1 MPH)
Runner from 3rd tags up, SCORES, no throw by LF
Sean Manley to third
Batting: RHB Remigio Aguilar 0-0: Ball
1-0: Ball
2-0: Called Strike
2-1: Ball
3-1: Fly out, F9 (Flyball, 9S, EV 92.5 MPH)
Bottom of the 2nd over - 1 run, 2 hits, 0 errors, 1 left on base; Texas 3 - Baltimore 1
TOP OF THE 3RD
Texas Rangers batting - Pitching for Baltimore Orioles : RHP Mac Reese
Batting: LHB Orlando Rodríguez 0-0: Called Strike
0-1: Ball
1-1: Foul Ball, location: 7LDF
1-2: Strikes out looking
Batting: RHB Gilberto Soto 0-0: Ball
1-0: Ground out 6-3 (Groundball, 6, EV 108.1 MPH)
Batting: LHB Adrián Flores 0-0: Called Strike
0-1: Ball
1-1: Called Strike
1-2: Ball
2-2: DOUBLE (Line Drive, 89M, EV 106.9 MPH)
Batting: RHB Jeremy Wiley 0-0: Ball
1-0: Swinging Strike
1-1: Ball
2-1: Ball
3-1: Swinging Strike
3-2: Strikes out swinging
Top of the 3rd over - 0 runs, 1 hit, 0 errors, 1 left on base; Texas 3 - Baltimore 1
BOTTOM OF THE 3RD
Baltimore Orioles batting - Pitching for Texas Rangers : RHP Cliff Townsend
Batting: RHB Jon Hughes 0-0: Ground out 5-3 (Groundball, 56S, EV 78.1 MPH)
Batting: LHB Quant Melissanides 0-0: Fly out, F8 (Flyball, 8LM, EV 86.3 MPH)
Batting: LHB Juan Jose Cabrera 0-0: Fly out, F8 (Flyball, 8LS, EV 96.3 MPH)
Bottom of the 3rd over - 0 runs, 0 hits, 0 errors, 0 left on base; Texas 3 - Baltimore 1
TOP OF THE 4TH
Texas Rangers batting - Pitching for Baltimore Orioles : RHP Mac Reese
Batting: LHB Elijah Malone 0-0: Ball
1-0: SINGLE (Line Drive, 34, EV 94.4 MPH)
Batting: RHB Jesús Tucker 0-0: Ball
1-0: Ball
2-0: Foul Ball, location: 9LDF
2-1: Ball
3-1: Ground out 5-3 (Groundball, 56S, EV 72.5 MPH)
Elijah Malone to second
Batting: LHB David Manuel 0-0: Called Strike
0-1: SINGLE (Line Drive, 8LS, EV 93.8 MPH)
Elijah Malone to third
Runner from 3rd tries for Home, SAFE, throw by CF to home
David Manuel to second
Batting: LHB Jesús Gómez 0-0: Swinging Strike
0-1: Swinging Strike
0-2: Ball
1-2: Strikes out swinging
Batting: RHB José Carlos Ferreira 0-0: Fly out, F7 (Flyball, 7D, EV 105.0 MPH)
Top of the 4th over - 1 run, 2 hits, 0 errors, 1 left on base; Texas 4 - Baltimore 1
BOTTOM OF THE 4TH
Baltimore Orioles batting - Pitching for Texas Rangers : RHP Cliff Townsend
Batting: RHB Kratukarana Multani 0-0: Ball
1-0: Ball
2-0: Ball
3-0: Called Strike
3-1: Foul Ball, location: 3F
3-2: Base on Balls
Batting: LHB Samad Beybukov 0-0: Grounds into double play, 4-6-3 (Groundball, 4, EV 102.5 MPH)
Batting: RHB Sean Manley 0-0: Called Strike
0-1: Called Strike
0-2: Ball
1-2: Foul Ball, location: 9LDF
1-2: Ground out 5-3 (Groundball, 5S, EV 70.0 MPH)
Bottom of the 4th over - 0 runs, 0 hits, 0 errors, 0 left on base; Texas 4 - Baltimore 1
TOP OF THE 5TH
Texas Rangers batting - Pitching for Baltimore Orioles : RHP Mac Reese
Batting: LHB Orlando Rodríguez 0-0: Ball
1-0: Foul Ball, location: 7LDF
1-1: Foul Ball, location: 2RF
1-2: Strikes out swinging
Batting: RHB Gilberto Soto 0-0: Ball
1-0: Ball
2-0: Called Strike
2-1: Called Strike
2-2: SINGLE (Line Drive, 89S, EV 87.5 MPH)
Batting: LHB Adrián Flores 0-0: Called Strike
0-1: Swinging Strike
0-2: SINGLE (Line Drive, 9S, EV 104.4 MPH)
Gilberto Soto to second
Gilberto Soto to third
Batting: RHB Jeremy Wiley 0-0: Ball
1-0: Grounds into double play, 4-6-3 (Groundball, 4S, EV 84.4 MPH)
Top of the 5th over - 0 runs, 2 hits, 0 errors, 1 left on base; Texas 4 - Baltimore 1
BOTTOM OF THE 5TH
Baltimore Orioles batting - Pitching for Texas Rangers : RHP Cliff Townsend
Batting: RHB Joe Cavanagh 0-0: Ball
1-0: SINGLE (Groundball, 4D, EV 103.8 MPH)
Batting: SHB Nelson Jiménez 0-0: Ball
1-0: Foul Ball, location: 2F
1-1: Ball
2-1: Ball
3-1: Bunted foul
3-2: Base on Balls
Joe Cavanagh to second
Batting: RHB Remigio Aguilar 0-0: Sac Bunt to 23 - play at first, batter OUT! 3-4
Joe Cavanagh to third
Nelson Jiménez to second
Batting: RHB Jon Hughes 0-0: Called Strike
0-1: Fielders Choice at home, 4-2 (Groundball, 4M, EV 100.0 MPH)
Nelson Jiménez to third
Batting: LHB Quant Melissanides 0-0: Ball
1-0: Called Strike
1-1: Ground out 4-3 (Groundball, 4, EV 85.6 MPH)
Bottom of the 5th over - 0 runs, 1 hit, 0 errors, 2 left on base; Texas 4 - Baltimore 1
TOP OF THE 6TH
Texas Rangers batting - Pitching for Baltimore Orioles : RHP Mac Reese
Batting: LHB Elijah Malone 0-0: Called Strike
0-1: Ball
1-1: Foul Ball, location: 2F
1-2: Strikes out swinging
Batting: RHB Jesús Tucker 0-0: Called Strike
0-1: Ball
1-1: Ball
2-1: Ball
3-1: Base on Balls
Pitching: RHP Steve O'Cuirneen
Batting: LHB David Manuel 0-0: Ball
Jesús Tucker is caught stealing 2nd base 2-6
1-0: Ball
2-0: SINGLE (Groundball, 34D, EV 99.4 MPH)
Batting: LHB Jesús Gómez 0-0: Called Strike
David Manuel steals 2nd base
0-1: Called Strike
0-2: Foul Ball, location: 3F
0-2: Strikes out swinging
Top of the 6th over - 0 runs, 1 hit, 0 errors, 1 left on base; Texas 4 - Baltimore 1
BOTTOM OF THE 6TH
Baltimore Orioles batting - Pitching for Texas Rangers : RHP Cliff Townsend
Batting: LHB Juan Jose Cabrera 0-0: Ball
1-0: Called Strike
1-1: SOLO HOME RUN (Flyball, 9D, EV 95.6 MPH), Distance : 389 ft
Batting: RHB Kratukarana Multani 0-0: Foul Ball, location: 2F
0-1: Ball
1-1: Called Strike
1-2: Ball
2-2: Foul Ball, location: 2F
2-2: Foul Ball, location: 3SF
2-2: Foul Ball, location: 2F
2-2: Foul Ball, location: 2LF
2-2: Strikes out swinging
Batting: LHB Samad Beybukov 0-0: Swinging Strike
0-1: Ball
1-1: Swinging Strike
1-2: Ball
2-2: Foul Ball, location: 7LMF
2-2: Ground out 1-3 (Groundball, 13S, EV 67.5 MPH)
Batting: RHB Sean Manley 0-0: Fly out, F7 (Flyball, 78S, EV 75.6 MPH)
Bottom of the 6th over - 1 run, 1 hit, 0 errors, 0 left on base; Texas 4 - Baltimore 2
TOP OF THE 7TH
Texas Rangers batting - Pitching for Baltimore Orioles : RHP Steve O'Cuirneen
Batting: RHB José Carlos Ferreira 0-0: Foul Ball, location: 5SF
0-1: Ball
1-1: Foul Ball, location: 23FF
1-2: Strikes out swinging
Batting: LHB Orlando Rodríguez 0-0: Ball
1-0: Ball
2-0: SINGLE (Groundball, 4, EV 95.6 MPH) (infield hit)
Batting: RHB Gilberto Soto 0-0: Ball
Orlando Rodríguez steals 2nd base
1-0: Ball
2-0: Called Strike
2-1: Fly out, F3 (Popup, 3F, EV 63.8 MPH)
Batting: LHB Adrián Flores 0-0: Ball
1-0: Swinging Strike
1-1: Swinging Strike
1-2: Strikes out swinging
Top of the 7th over - 0 runs, 1 hit, 0 errors, 1 left on base; Texas 4 - Baltimore 2
BOTTOM OF THE 7TH
Baltimore Orioles batting - Pitching for Texas Rangers : RHP Cliff Townsend
Batting: RHB Joe Cavanagh 0-0: Foul Ball, location: 5F
0-1: Swinging Strike
0-2: DOUBLE (Line Drive, 78M, EV 97.5 MPH)
Batting: SHB Nelson Jiménez 0-0: Ball
1-0: Foul Ball, location: 7LDF
1-1: Foul Ball, location: 7LMF
1-2: Foul Ball, location: 2F
1-2: Foul Ball, location: 5FF
1-2: Ball
2-2: Strikes out looking
Batting: RHB Remigio Aguilar 0-0: Ball
1-0: Foul Ball, location: 3DF
1-1: Called Strike
1-2: Strikes out swinging
Batting: RHB Jon Hughes 0-0: Swinging Strike
0-1: Ball
1-1: Foul Ball, location: 2F
1-2: Strikes out swinging
Bottom of the 7th over - 0 runs, 1 hit, 0 errors, 1 left on base; Texas 4 - Baltimore 2
TOP OF THE 8TH
Texas Rangers batting - Pitching for Baltimore Orioles : RHP Steve O'Cuirneen
Batting: RHB Jeremy Wiley 0-0: Ball
1-0: Ball
2-0: Foul Ball, location: 5F
2-1: Called Strike
2-2: SINGLE (Groundball, 4MD, EV 96.3 MPH)
Batting: LHB Elijah Malone 0-0: Bunted foul
0-1: Bunt missed!
0-2: Ball
1-2: Ground out U3 (Groundball, 3S, EV 62.5 MPH)
Jeremy Wiley to second
Batting: RHB Jesús Tucker 0-0: Swinging Strike
0-1: Ball
1-1: Ball
2-1: Ball
3-1: Fly out, F9 (Flyball, 9, EV 86.3 MPH)
Batting: LHB David Manuel 0-0: SINGLE (Line Drive, 8RS, EV 87.5 MPH)
Jeremy Wiley to third
Runner from 3rd tries for Home, throw by CF and OUT! 8-2
Top of the 8th over - 0 runs, 2 hits, 0 errors, 1 left on base; Texas 4 - Baltimore 2
BOTTOM OF THE 8TH
Baltimore Orioles batting - Pitching for Texas Rangers : RHP Cliff Townsend
Batting: LHB Quant Melissanides 0-0: Ball
1-0: Ball
2-0: Called Strike
2-1: Ball
3-1: Foul Ball, location: 5F
3-2: Base on Balls
Batting: LHB Juan Jose Cabrera 0-0: Ball
1-0: Ball
2-0: Called Strike
2-1: Foul Ball, location: 2RF
2-2: SINGLE (Groundball, 34S, EV 88.8 MPH) (infield hit)
Quant Melissanides to second
Batting: RHB Kratukarana Multani 0-0: Ball
1-0: Foul Ball, location: 9LMF
1-1: Ball
2-1: Swinging Strike
2-2: TRIPLE (Flyball, 8RXD, EV 110.6 MPH)
Quant Melissanides scores
Juan Jose Cabrera scores
Pitching: RHP Jorge Fernández
Batting: LHB Samad Beybukov 0-0: Ball
1-0: Ball
2-0: Foul Ball, location: 7LSF
2-1: Foul Ball, location: 2F
2-2: Ball
3-2: SINGLE (Groundball, 34, EV 109.4 MPH)
Kratukarana Multani scores
Batting: RHB Sean Manley 0-0: Ball
1-0: Foul Ball, location: 2F
1-1: Ball
Samad Beybukov steals 2nd base
2-1: 2-RUN HOME RUN (Flyball, 7LD, EV 93.1 MPH), Distance : 341 ft
Batting: RHB Joe Cavanagh 0-0: Ball
1-0: Ball
2-0: Ball
3-0: Called Strike
3-1: Base on Balls
Batting: SHB Nelson Jiménez 0-0: Ball
1-0: Called Strike
1-1: Called Strike
1-2: Ball
2-2: Strikes out swinging
Batting: RHB Remigio Aguilar 0-0: Swinging Strike
0-1: Ball
1-1: Called Strike
1-2: Strikes out looking
Batting: RHB Jon Hughes 0-0: Called Strike
0-1: Foul Ball, location: 25F
0-2: Strikes out swinging
Bottom of the 8th over - 5 runs, 4 hits, 0 errors, 1 left on base; Texas 4 - Baltimore 7
TOP OF THE 9TH
Texas Rangers batting - Pitching for Baltimore Orioles : RHP Steve O'Cuirneen
Pitching: RHP Edgardo Gonzáles
Now in LF: Freddy Hernández
Batting: LHB Jesús Gómez 0-0: Ball
1-0: Swinging Strike
1-1: Ball
2-1: Foul Ball, location: 2F
2-2: Fly out, F8 (Flyball, 8LD, EV 91.3 MPH)
Batting: RHB José Carlos Ferreira 0-0: Ball
1-0: Ball
2-0: Foul Ball, location: 9LMF
2-1: Swinging Strike
2-2: Strikes out swinging
Batting: LHB Orlando Rodríguez 0-0: Called Strike
0-1: Fly out, F7 (Flyball, 78M, EV 94.4 MPH)
Top of the 9th over - 0 runs, 0 hits, 0 errors, 0 left on base; Texas 4 - Baltimore 7
Friday, May 3rd , 2024 - OOTP Baseball 24.10 Build 82